[Event "DSAM Bad Wildungen 2024"]
[Site "Bad Wildungen"]
[Date "2024.08.02"]
[Round "3.1"]
[White "Boehme, Sebastian"]
[Black "Kocak, Ediz"]
[Result "1-0"]
[Annotator "ChessBase"]
[ECO "C48"]
[WhiteElo "2232"]
[BlackElo "2166"]
[PlyCount "107"]
[EventDate "2024.07.31"]
[EventCountry "GER"]
[SourceTitle "playchess.com"]
[Source "ChessBase"]
[SourceQuality "1"]
[TimeControl "40/5400+30:900+30"]

1. e4 e5 2. Nf3 Nf6 3. Nc3 Nc6 4. Bb5 Nd4 5. O-O Nxb5 6. Nxb5 c6 7. Nc3 d6 8. d4 Qc7 9. Bg5 Be7 10. Qd3 O-O 11. a4 Re8 12. Bxf6 Bxf6 13. d5 Be7 14. Nd2 Rf8 15. Rfd1 Bg4 16. f3 Bd7 17. a5 h5 18. Nc4 c5 19. Nxe5 dxe5 20. d6 Bxd6 21. Qxd6 Qxd6 22. Rxd6 Be6 23. Nb5 Rfc8 24. a6 bxa6 25. Rdxa6 Rd8 26. Rc6 c4 27. Nc7 Rab8 28. Nxe6 fxe6 29. Rb1 Rbc8 30. Rxe6 Rc5 31. c3 Rd2 32. Ra6 h4 33. Rg6 a5 34. Rg5 Rb5 35. f4 Re2 36. Rxe5 Rxe5 37. fxe5 Rxe4 38. Rd1 g5 39. Rd5 Kf7 40. Rxa5 Re2 41. Rc5 Rxb2 42. Rxc4 Re2 43. Rc5 Ke6 44. Kf1 Rc2 45. h3 Ra2 46. Rc4 Kxe5 47. Rg4 Rc2 48. Rxg5+ Kf4 49. Rg4+ Ke3 50. Kg1 Rxc3 51. Rxh4 Rc2 52. Kh2 Kf2 53. Rf4+ Ke3 54. Rf8 1-0

[Event "DSAM Bad Wildungen 2024"]
[Site "Bad Wildungen"]
[Date "2024.08.02"]
[Round "3.2"]
[White "Kracht, Raphael"]
[Black "Noetzel, Felix"]
[Result "1/2-1/2"]
[Annotator "ChessBase"]
[ECO "C54"]
[WhiteElo "2199"]
[BlackElo "2163"]
[PlyCount "123"]
[EventDate "2024.07.31"]
[EventCountry "GER"]
[SourceTitle "playchess.com"]
[Source "ChessBase"]
[SourceQuality "1"]
[TimeControl "40/5400+30:900+30"]

1. e4 e5 2. Nf3 Nc6 3. Bc4 Nf6 4. d3 Bc5 5. c3 d6 6. O-O a6 7. a4 Ba7 8. Re1 O-O 9. h3 Ne7 10. d4 Ng6 11. Bd3 h6 12. Be3 Re8 13. Nbd2 Nh5 14. Bf1 Nhf4 15. Kh2 Qf6 16. g3 Ne6 17. d5 Bxe3 18. Rxe3 Ng5 19. Bg2 Nxf3+ 20. Bxf3 Rf8 21. Kg2 Qg5 22. Bg4 f5 23. exf5 Bxf5 24. Ne4 Bxe4+ 25. Rxe4 Kh8 26. Qe2 Qe7 27. h4 Rf6 28. f4 Re8 29. Re1 Qf7 30. Be6 Qe7 31. h5 Nf8 32. fxe5 dxe5 33. Rxe5 Qc5 34. Qe3 Qd6 35. c4 b6 36. Re2 Nh7 37. Bf5 Ref8 38. g4 Ng5 39. Re8 b5 40. Rxf8+ Rxf8 41. axb5 axb5 42. b3 bxc4 43. bxc4 Kg8 44. Bg6 c6 45. Rf2 Rxf2+ 46. Kxf2 cxd5 47. Qe8+ Qf8+ 48. Qxf8+ Kxf8 49. cxd5 Ke7 50. Ke3 Kd6 51. Kd4 Nf3+ 52. Ke4 Ng5+ 53. Kf5 Kxd5 54. Be8 Kd6 55. Kg6 Ke7 56. Kxg7 Kxe8 57. Kxh6 Ne6 58. Kg6 Kf8 59. Kf6 Nf4 60. h6 Kg8 61. Kf5 Nh3 62. g5 1/2-1/2

[Event "DSAM Bad Wildungen 2024"]
[Site "Bad Wildungen"]
[Date "2024.08.02"]
[Round "3.3"]
[White "Bosselmann, Tom Linus"]
[Black "Voicu-Jagodzinsky, Carmen"]
[Result "0-1"]
[Annotator "ChessBase"]
[ECO "B31"]
[WhiteElo "2184"]
[BlackElo "2227"]
[PlyCount "90"]
[EventDate "2024.07.31"]
[EventCountry "GER"]
[SourceTitle "playchess.com"]
[Source "ChessBase"]
[SourceQuality "1"]
[TimeControl "40/5400+30:900+30"]

1. e4 c5 2. Nf3 Nc6 3. Bb5 g6 4. Bxc6 dxc6 5. d3 Bg7 6. h3 Qc7 7. O-O Nf6 8. a4 O-O 9. Nc3 h6 10. Be3 Nd7 11. Nd2 b5 12. axb5 cxb5 13. Nxb5 Qb7 14. Ra5 a6 15. Qa1 Rb8 16. Nc3 Qxb2 17. Qxb2 Rxb2 18. Nd5 Re8 19. Nc4 Rxc2 20. Rb1 Kh7 21. Na3 Ra2 22. Nc4 Rxa5 23. Nxa5 Ne5 24. Rb8 Bd7 25. Rb7 e6 26. Nf4 Bb5 27. Bxc5 Nxd3 28. Nxd3 Bxd3 29. Rxf7 Bxe4 30. Nc4 Bd5 31. Nd6 Rb8 32. f3 g5 33. Ra7 Ra8 34. Rd7 Kg6 35. Kf2 a5 36. g4 a4 37. h4 gxh4 38. f4 Bb2 39. f5+ Kf6 40. Nf7 Rc8 41. Bb6 a3 42. g5+ hxg5 43. Nd6 a2 44. Rf7+ Ke5 45. Ra7 Kxd6 0-1

[Event "DSAM Bad Wildungen 2024"]
[Site "Bad Wildungen"]
[Date "2024.08.02"]
[Round "3.4"]
[White "Weidenhoefer, Max"]
[Black "Marcziter, Dmitrii"]
[Result "0-1"]
[Annotator "ChessBase"]
[ECO "B46"]
[WhiteElo "2085"]
[BlackElo "2204"]
[PlyCount "100"]
[EventDate "2024.07.31"]
[EventCountry "GER"]
[SourceTitle "playchess.com"]
[Source "ChessBase"]
[SourceQuality "1"]
[TimeControl "40/5400+30:900+30"]

1. e4 c5 2. Nf3 a6 3. Nc3 e6 4. d4 cxd4 5. Nxd4 Qc7 6. Bd3 Nf6 7. f4 d6 8. Qe2 Nc6 9. Nxc6 bxc6 10. O-O e5 11. Kh1 Be7 12. f5 h5 13. Bg5 Ng4 14. Bxe7 Qxe7 15. h3 a5 16. Qf3 Qh4 17. Rad1 Bb7 18. Bc4 Rd8 19. Rd3 O-O 20. Bb3 Ba6 21. Qg3 Qxg3 22. Rxg3 Bxf1 23. hxg4 Kh7 24. g5 g6 25. f6 Ba6 26. Re3 Bc8 27. Na4 Kg8 28. c4 Be6 29. Kh2 Rb8 30. Rd3 Rfd8 31. Kg3 Kf8 32. Kf2 Ke8 33. Ke3 Rb4 34. a3 Rb7 35. Ba2 Rdd7 36. Rd2 Kd8 37. Kd3 Kc7 38. Kc3 Rd8 39. Rd3 h4 40. Rd2 Rh8 41. b4 axb4+ 42. axb4 h3 43. c5 d5 44. exd5 cxd5 45. gxh3 Rxh3+ 46. Kc2 Bf5+ 47. Kc1 Rxb4 48. Nb6 Rh1+ 49. Rd1 Rxd1+ 50. Kxd1 Rd4+ 0-1

[Event "DSAM Bad Wildungen 2024"]
[Site "Bad Wildungen"]
[Date "2024.08.02"]
[Round "3.5"]
[White "Dauth, Benjamin"]
[Black "Diller, Daniel"]
[Result "1/2-1/2"]
[Annotator "ChessBase"]
[ECO "C54"]
[WhiteElo "2247"]
[BlackElo "2140"]
[PlyCount "131"]
[EventDate "2024.07.31"]
[EventCountry "GER"]
[SourceTitle "playchess.com"]
[Source "ChessBase"]
[SourceQuality "1"]
[TimeControl "40/5400+30:900+30"]

1. e4 e5 2. Nf3 Nc6 3. Bc4 Nf6 4. d3 Bc5 5. c3 a5 6. O-O d6 7. h3 h6 8. a4 g5 9. Qb3 Qe7 10. Be3 O-O 11. Nbd2 Nh5 12. Kh2 Nf4 13. Ng1 Kg7 14. g3 Ng6 15. Bxc5 dxc5 16. Rae1 Nd8 17. Re3 Bd7 18. Rfe1 Qe8 19. Bb5 c6 20. Bc4 b5 21. axb5 cxb5 22. Bd5 Ra6 23. Qa3 Qe7 24. b4 cxb4 25. cxb4 Qxb4 26. Qxb4 axb4 27. Rb1 Ne6 28. Rxb4 Nd4 29. Rb2 Ra3 30. Nb3 Rc8 31. Nf3 Nxf3+ 32. Rxf3 f6 33. d4 exd4 34. Nxd4 Rxf3 35. Nxf3 Ne7 36. Bb3 Bc6 37. Nd4 Bd7 38. Ra2 Rc7 39. Ra8 Rb7 40. Ra6 b4 41. f4 gxf4 42. gxf4 Ng6 43. Bd5 Rc7 44. f5 Nf4 45. Bb3 Bc8 46. Rb6 Rc3 47. Rxb4 Rxh3+ 48. Kg1 Re3 49. Rc4 Ba6 50. Rc7+ Kh8 51. Bc2 Bd3 52. Kf2 Rh3 53. Rc8+ Kh7 54. Rc7+ Kh8 55. Rc3 Bxc2 56. Rc8+ Kg7 57. Rc7+ Kg8 58. Nxc2 Nd3+ 59. Ke2 Nf4+ 60. Ke1 Rh2 61. Nd4 Rg2 62. Kf1 Rd2 63. Ne6 Nxe6 64. fxe6 Kf8 65. Rf7+ Ke8 66. Rxf6 1/2-1/2

[Event "DSAM Bad Wildungen 2024"]
[Site "Bad Wildungen"]
[Date "2024.08.02"]
[Round "3.6"]
[White "Gassmann, Volker"]
[Black "Hauser, Carlos"]
[Result "1/2-1/2"]
[Annotator "RC"]
[ECO "D15"]
[WhiteElo "2077"]
[BlackElo "2217"]
[PlyCount "54"]
[EventDate "2024.07.31"]
[EventCountry "GER"]
[SourceTitle "playchess.com"]
[Source "ChessBase"]
[SourceQuality "1"]
[TimeControl "40/5400+30:900+30"]

1. d4 d5 2. c4 c6 3. Nc3 Nf6 4. e3 a6 5. Nf3 Bf5 6. cxd5 cxd5 7. Qb3 Ra7 8. Nh4 Be4 9. f3 Bg6 10. Be2 e6 11. Nxg6 hxg6 12. Bd2 Be7 13. f4 Nc6 14. Rc1 O-O 15. O-O Na5 16. Qd1 b5 17. b3 Qb6 18. Bd3 Rc7 19. Nb1 Nc6 20. Qe2 Rfc8 21. Kh1 Nb4 22. Bxb4 Bxb4 23. Rxc7 Qxc7 24. a3 Bd6 25. g3 Ne4 26. Qb2 f5 27. Kg2 Kf7 1/2-1/2

[Event "DSAM Bad Wildungen 2024"]
[Site "Bad Wildungen"]
[Date "2024.08.02"]
[Round "3.7"]
[White "Dathe, Frederick"]
[Black "Fuhrmann, Bahne"]
[Result "1-0"]
[Annotator "RC"]
[ECO "A13"]
[WhiteElo "2247"]
[BlackElo "2152"]
[PlyCount "55"]
[EventDate "2024.07.31"]
[EventCountry "GER"]
[SourceTitle "playchess.com"]
[Source "ChessBase"]
[SourceQuality "1"]
[TimeControl "40/5400+30:900+30"]

1. c4 e6 2. g3 d5 3. Nf3 d4 4. Bg2 c5 5. e3 Nc6 6. d3 h6 7. O-O Nf6 8. exd4 cxd4 9. Bf4 Nd7 10. Na3 Bc5 11. Nc2 a5 12. b3 O-O 13. a3 e5 14. Bd2 Re8 15. b4 Be7 16. Re1 Bf6 17. Rb1 Ndb8 18. h3 Re7 19. Nh2 Bf5 20. b5 Na7 21. Qf3 Qc8 22. Ng4 Bxg4 23. hxg4 Nd7 24. Qxb7 Qxb7 25. Bxb7 Rb8 26. Be4 a4 27. Bb4 Re6 28. Bf5 1-0

[Event "DSAM Bad Wildungen 2024"]
[Site "Bad Wildungen"]
[Date "2024.08.02"]
[Round "3.8"]
[White "Vladov, Arsenii"]
[Black "Menzel, Maximilian"]
[Result "1/2-1/2"]
[Annotator "ChessBase"]
[ECO "D03"]
[WhiteElo "2063"]
[BlackElo "2108"]
[PlyCount "112"]
[EventDate "2024.07.31"]
[EventCountry "GER"]
[SourceTitle "playchess.com"]
[Source "ChessBase"]
[SourceQuality "1"]
[TimeControl "40/5400+30:900+30"]

1. d4 Nf6 2. Nf3 e6 3. Bg5 d5 4. Nbd2 Be7 5. e3 c5 6. c3 Nbd7 7. Bd3 h6 8. Bf4 c4 9. Bc2 b5 10. e4 dxe4 11. Nxe4 Bb7 12. Ned2 Nd5 13. Bg3 Rc8 14. O-O O-O 15. Re1 N7f6 16. Ne5 Nb6 17. Ne4 b4 18. Nxf6+ Bxf6 19. cxb4 Nd5 20. a3 Bg5 21. Qe2 c3 22. Qd3 f5 23. b3 Bd2 24. Re2 Nf6 25. f3 Nh5 26. Nc4 Qg5 27. Nxd2 Nxg3 28. hxg3 cxd2 29. f4 Qg4 30. Qxd2 Qxg3 31. Bd3 Bd5 32. Qe3 Qxe3+ 33. Rxe3 Rc3 34. Kf2 Rxb3 35. Ba6 Rxe3 36. Kxe3 Bxg2 37. Rc1 Rf7 38. a4 Rd7 39. Bc8 Re7 40. b5 Kf8 41. a5 Ke8 42. d5 Bxd5 43. Kd4 Kd8 44. b6 axb6 45. axb6 g5 46. Ba6 Bb7 47. Bxb7 Rxb7 48. Kc5 gxf4 49. Kc6 Rb8 50. Rg1 Ke7 51. Kc7 Rh8 52. b7 e5 53. Ra1 Kf6 54. Ra8 Rh7+ 55. Kc6 Rxb7 56. Kxb7 f3 1/2-1/2

[Event "DSAM Bad Wildungen 2024"]
[Site "Bad Wildungen"]
[Date "2024.08.02"]
[Round "3.9"]
[White "Kamp, Adrian"]
[Black "Schabe, Felix"]
[Result "1-0"]
[Annotator "RC"]
[ECO "B09"]
[WhiteElo "2120"]
[BlackElo "2065"]
[PlyCount "61"]
[EventDate "2024.07.31"]
[EventCountry "GER"]
[SourceTitle "playchess.com"]
[Source "ChessBase"]
[SourceQuality "1"]
[TimeControl "40/5400+30:900+30"]

1. e4 d6 2. d4 Nf6 3. Nc3 g6 4. f4 Bg7 5. Nf3 O-O 6. e5 dxe5 7. fxe5 Nd5 8. Bc4 Nb6 9. Bb3 Nc6 10. O-O Bg4 11. Be3 Na5 12. Qe2 c5 13. dxc5 Nd7 14. Bd4 Nc6 15. Rad1 Qc8 16. Nd5 Nxd4 17. Nxe7+ Kh8 18. Rxd4 Qxc5 19. Qf2 h5 20. Rxd7 Qxf2+ 21. Rxf2 Bxd7 22. e6 Rae8 23. Nxg6+ fxg6 24. exd7 Re7 25. Ne5 Rd8 26. Nxg6+ Kh7 27. Nxe7 Bd4 28. Bg8+ Kh8 29. Be6 Bxf2+ 30. Kxf2 Kg7 31. Nd5 1-0

[Event "DSAM Bad Wildungen 2024"]
[Site "Bad Wildungen"]
[Date "2024.08.02"]
[Round "3.10"]
[White "Kull, Florian"]
[Black "Musiienko, Tymur"]
[Result "1/2-1/2"]
[Annotator "RC"]
[ECO "D79"]
[WhiteElo "2113"]
[BlackElo "2093"]
[PlyCount "39"]
[EventDate "2024.07.31"]
[EventCountry "GER"]
[SourceTitle "playchess.com"]
[Source "ChessBase"]
[SourceQuality "1"]
[TimeControl "40/5400+30:900+30"]

1. Nf3 Nf6 2. g3 g6 3. Bg2 Bg7 4. O-O d5 5. d4 O-O 6. c4 c6 7. cxd5 cxd5 8. Nc3 Ne4 9. Nxe4 dxe4 10. Ng5 Qxd4 11. Qxd4 Bxd4 12. Rd1 Nc6 13. Bxe4 Bg7 14. Rb1 h6 15. Nf3 Be6 16. b3 Rfd8 17. Be3 a5 18. Rxd8+ Rxd8 19. Bb6 Ra8 20. Bc5 1/2-1/2

[Event "DSAM Bad Wildungen 2024"]
[Site "Bad Wildungen"]
[Date "2024.08.02"]
[Round "3.11"]
[White "Herter, Arne"]
[Black "Heck, Norbert"]
[Result "1-0"]
[Annotator "RC"]
[ECO "B28"]
[WhiteElo "2065"]
[BlackElo "2099"]
[PlyCount "57"]
[EventDate "2024.07.31"]
[EventCountry "GER"]
[SourceTitle "playchess.com"]
[Source "ChessBase"]
[SourceQuality "1"]
[TimeControl "40/5400+30:900+30"]

1. e4 c5 2. Nf3 a6 3. c3 d5 4. exd5 Qxd5 5. d4 e6 6. Be3 Nd7 7. Bd3 Ngf6 8. O-O Be7 9. Qc2 O-O 10. Rd1 cxd4 11. cxd4 b5 12. Nc3 Qc6 13. d5 Qb7 14. dxe6 fxe6 15. Ng5 Ne5 16. Bxh7+ Kh8 17. Be4 Nxe4 18. Ncxe4 Rf5 19. Nd6 Bxd6 20. Rxd6 Qe7 21. Rad1 Bb7 22. Rxe6 Qxg5 23. Bxg5 Rxg5 24. Red6 Rg8 25. Rd8 Rxg2+ 26. Kf1 Ng6 27. Rxg8+ Kxg8 28. Qb3+ Kf8 29. Qe6 1-0

[Event "DSAM Bad Wildungen 2024"]
[Site "Bad Wildungen"]
[Date "2024.08.02"]
[Round "3.12"]
[White "Bartelt, Max Peter"]
[Black "Buchinger, Alexis"]
[Result "1-0"]
[Annotator "RC"]
[ECO "D02"]
[WhiteElo "2069"]
[BlackElo "2116"]
[PlyCount "71"]
[EventDate "2024.07.31"]
[EventCountry "GER"]
[SourceTitle "playchess.com"]
[Source "ChessBase"]
[SourceQuality "1"]
[TimeControl "40/5400+30:900+30"]

1. d4 d5 2. Bf4 Nf6 3. e3 c5 4. Nf3 Nc6 5. Be2 Qb6 6. Nc3 c4 7. Rb1 Qa5 8. O-O b5 9. Ne5 Bb7 10. g4 e6 11. g5 Nxe5 12. b4 Bxb4 13. Nxb5 Qxb5 14. gxf6 Nc6 15. fxg7 Rg8 16. Bh6 Qa6 17. Bh5 Bd6 18. f4 Bc8 19. Bxf7+ Kxf7 20. Qh5+ Ke7 21. f5 exf5 22. Bg5+ Kd7 23. Qxh7 Ne7 24. Bxe7 Rxg7+ 25. Qxg7 Bxe7 26. Rxf5 Bb7 27. Re5 Re8 28. Qf7 Qc6 29. Rxb7+ Qxb7 30. Rxd5+ Kc6 31. Qe6+ Kc7 32. Qd7+ Kb8 33. Qxe8+ Qc8 34. Rb5+ Kc7 35. Qxe7+ Kc6 36. Rc5+ 1-0

[Event "DSAM Bad Wildungen 2024"]
[Site "Bad Wildungen"]
[Date "2024.08.02"]
[Round "3.13"]
[White "Ermel, Dirk"]
[Black "Kuhn, Juergen"]
[Result "1-0"]
[Annotator "ChessBase"]
[ECO "A29"]
[WhiteElo "2046"]
[BlackElo "1965"]
[PlyCount "151"]
[EventDate "2024.07.31"]
[EventCountry "GER"]
[SourceTitle "playchess.com"]
[Source "ChessBase"]
[SourceQuality "1"]
[TimeControl "40/5400+30:900+30"]

1. c4 Nf6 2. Nc3 e5 3. Nf3 Nc6 4. g3 d5 5. cxd5 Nxd5 6. Bg2 Nb6 7. O-O Be7 8. a3 Be6 9. b4 O-O 10. Bb2 Nc4 11. Bc1 f5 12. d3 Nb6 13. Bb2 Bf6 14. b5 Nd4 15. Nd2 Nd5 16. Nxd5 Bxd5 17. Bxd4 Bxg2 18. Kxg2 Qxd4 19. Qb3+ Kh8 20. Rac1 Qd7 21. Rc5 Rae8 22. Rfc1 Bd8 23. Nf3 e4 24. Ne5 Qe6 25. Qxe6 Rxe6 26. d4 g5 27. Rd5 Rd6 28. Rxd6 cxd6 29. Nc4 d5 30. Ne3 Bb6 31. Nxd5 Bxd4 32. Rc7 f4 33. e3 fxe3 34. fxe3 Bb2 35. Rxb7 Rd8 36. Ne7 Bxa3 37. Nf5 Bc5 38. g4 Kg8 39. Rc7 Rd2+ 40. Kg3 Bd6+ 41. Nxd6 Rxd6 42. Rxa7 Rb6 43. Ra5 Kg7 44. h4 h6 45. h5 Rf6 46. Ra7+ Kg8 47. Ra6 Rf3+ 48. Kg2 Rxe3 49. Rxh6 Rb3 50. Rg6+ Kf7 51. Rxg5 Kf6 52. Rf5+ Kg7 53. Re5 Rb2+ 54. Kg3 e3 55. Rxe3 Rxb5 56. Kf4 Rb1 57. Re5 Rf1+ 58. Kg5 Rf7 59. Re6 Kh7 60. h6 Rc7 61. Kh5 Rc5+ 62. g5 Rb5 63. Re7+ Kg8 64. Kg6 Rb6+ 65. Kf5 Rb5+ 66. Re5 Rb1 67. Re6 Rf1+ 68. Kg6 Rf8 69. Re7 Kh8 70. Kh5 Kg8 71. g6 Rb8 72. Kg5 Rc8 73. Kf6 Rc6+ 74. Re6 Rc8 75. Rd6 Rf8+ 76. Ke7 1-0

[Event "DSAM Bad Wildungen 2024"]
[Site "Bad Wildungen"]
[Date "2024.08.02"]
[Round "3.14"]
[White "Tueckmantel, Rene"]
[Black "Hund, Sarah"]
[Result "1-0"]
[Annotator "ChessBase"]
[ECO "D05"]
[WhiteElo "2057"]
[BlackElo "1994"]
[PlyCount "109"]
[EventDate "2024.07.31"]
[EventCountry "GER"]
[SourceTitle "playchess.com"]
[Source "ChessBase"]
[SourceQuality "1"]
[TimeControl "40/5400+30:900+30"]

1. Nf3 d5 2. b3 Nf6 3. Bb2 e6 4. e3 Be7 5. d4 O-O 6. Bd3 b6 7. O-O c5 8. Nbd2 Bb7 9. Ne5 cxd4 10. exd4 Nc6 11. a3 Re8 12. Qf3 Bf8 13. Rfe1 g6 14. Qf4 Bg7 15. Rad1 Rc8 16. g4 Qc7 17. f3 Re7 18. Qg3 Nxe5 19. dxe5 Nd7 20. b4 Nb8 21. Rc1 Rd7 22. Nb3 a6 23. Nd4 Nc6 24. Nxc6 Qxc6 25. Bd4 Qa4 26. c3 Qxa3 27. Qf2 Qa4 28. b5 Qa3 29. bxa6 Bxa6 30. Ra1 Qxa1 31. Rxa1 Bxd3 32. Qe3 Bc4 33. Bxb6 Rb7 34. Ra7 Rcb8 35. Rxb7 Rxb7 36. Qc5 Rb8 37. Bc7 Rb1+ 38. Kg2 h5 39. Qe7 hxg4 40. Qe8+ Kh7 41. fxg4 Rf1 42. Bd6 g5 43. Qe7 Kg6 44. h4 Bh6 45. Bc5 gxh4 46. Qxh4 Be2 47. Bf2 Bd2 48. Qf6+ Kh7 49. Qxf7+ Kh8 50. Qe8+ Kh7 51. Qe7+ Kh8 52. Qxe6 Bc4 53. Qf6+ Kh7 54. e6 d4 55. Qxd4 1-0

[Event "DSAM Bad Wildungen 2024"]
[Site "Bad Wildungen"]
[Date "2024.08.02"]
[Round "3.15"]
[White "Willand, Oliver"]
[Black "Derr, Oleg"]
[Result "0-1"]
[Annotator "RC"]
[ECO "B44"]
[WhiteElo "1868"]
[BlackElo "1947"]
[PlyCount "88"]
[EventDate "2024.07.31"]
[EventCountry "GER"]
[SourceTitle "playchess.com"]
[Source "ChessBase"]
[SourceQuality "1"]
[TimeControl "40/5400+30:900+30"]

1. e4 c5 2. c4 Nc6 3. Ne2 e6 4. Nbc3 Nf6 5. d4 cxd4 6. Nxd4 Bc5 7. Nxc6 dxc6 8. Qxd8+ Kxd8 9. Be2 e5 10. O-O Be6 11. a3 Kc7 12. h3 h6 13. Kh2 Bd4 14. Bd2 Rad8 15. Rad1 Kc8 16. g4 g5 17. f3 Rd7 18. Kg2 Rhd8 19. b3 Ne8 20. Nb1 Nc7 21. Bc3 f6 22. Bxd4 Rxd4 23. Rxd4 Rxd4 24. Rd1 Bf7 25. Rxd4 exd4 26. Kf2 Ne6 27. Ke1 Nf4 28. Bf1 Kc7 29. Kd2 Kd6 30. Kc2 Ke5 31. Nd2 Ne6 32. Be2 b6 33. b4 c5 34. b5 Kf4 35. Nf1 Nf8 36. Kd2 Ng6 37. Ke1 Ne5 38. Kf2 Nxc4 39. Ng3 Nxa3 40. Nf5 Ke5 41. Ne7 Be8 42. Nc8 Nxb5 43. Bxb5 Bxb5 44. Nxa7 Bd7 0-1

[Event "DSAM Bad Wildungen 2024"]
[Site "Bad Wildungen"]
[Date "2024.08.02"]
[Round "3.16"]
[White "Pick, Max"]
[Black "Muendoerfer, Sebastian"]
[Result "1/2-1/2"]
[Annotator "ChessBase"]
[ECO "D03"]
[WhiteElo "1906"]
[BlackElo "1988"]
[PlyCount "126"]
[EventDate "2024.07.31"]
[EventCountry "GER"]
[SourceTitle "playchess.com"]
[Source "ChessBase"]
[SourceQuality "1"]
[TimeControl "40/5400+30:900+30"]

1. d4 Nf6 2. Nf3 e6 3. Bg5 d5 4. Nbd2 Be7 5. e3 c5 6. c3 Nbd7 7. Bd3 h6 8. Bf4 c4 9. Bc2 b5 10. e4 dxe4 11. Nxe4 Bb7 12. Ned2 Nd5 13. Bg3 Rc8 14. O-O O-O 15. Re1 N7f6 16. Ne5 Nb6 17. Ne4 b4 18. Nxf6+ Bxf6 19. cxb4 Nd5 20. a3 Bg5 21. Qe2 c3 22. Qd3 f5 23. b3 Bd2 24. Re2 Nf6 25. f3 Nh5 26. Nc4 Qg5 27. Nxd2 Nxg3 28. hxg3 cxd2 29. f4 Qg4 30. Qxd2 Qxg3 31. Bd3 Bd5 32. Qe3 Qxe3+ 33. Rxe3 Rc3 34. Kf2 Rxb3 35. Ba6 Rxe3 36. Kxe3 Bxg2 37. Rc1 Rf7 38. a4 Rd7 39. Bc8 Re7 40. b5 Kf8 41. a5 Ke8 42. d5 Bxd5 43. Kd4 Kd8 44. b6 axb6 45. axb6 g5 46. Ba6 Bb7 47. Bxb7 Rxb7 48. Kc5 gxf4 49. Kc6 Rb8 50. Rg1 Ke7 51. Kc7 Rh8 52. b7 e5 53. Ra1 Kf6 54. Ra8 Rh7+ 55. Kc6 Rxb7 56. Kxb7 f3 57. Ra1 e4 58. Rf1 Ke5 59. Kc6 Kd4 60. Kd6 Ke3 61. Ke5 f2 62. Kxf5 Kf3 63. Rxf2+ Kxf2 1/2-1/2

[Event "DSAM Bad Wildungen 2024"]
[Site "Bad Wildungen"]
[Date "2024.08.02"]
[Round "3.17"]
[White "Marcziter, Alex"]
[Black "Helms, Sven"]
[Result "1-0"]
[Annotator "RC"]
[ECO "C55"]
[WhiteElo "2052"]
[BlackElo "1960"]
[PlyCount "71"]
[EventDate "2024.07.31"]
[EventCountry "GER"]
[SourceTitle "playchess.com"]
[Source "ChessBase"]
[SourceQuality "1"]
[TimeControl "40/5400+30:900+30"]

1. e4 e5 2. Nf3 Nc6 3. Bc4 Nf6 4. d3 Be7 5. O-O O-O 6. h3 d6 7. c3 Na5 8. Bb5 a6 9. Ba4 b5 10. Bc2 c5 11. d4 Qc7 12. Qe2 Nc4 13. b3 Nb6 14. Bb2 c4 15. Nbd2 Bd7 16. Ba3 Rfe8 17. dxe5 dxe5 18. Bxe7 Rxe7 19. b4 Bc6 20. Rfd1 Rd7 21. Nf1 Rad8 22. Ng3 Rxd1+ 23. Rxd1 g6 24. Rxd8+ Qxd8 25. Nxe5 Qd6 26. Nxc6 Qxc6 27. Qe3 Nbd7 28. Ne2 Ne5 29. Nd4 Qb7 30. f3 Kg7 31. Qg5 Ned7 32. e5 Ne8 33. Qe7 Qc8 34. e6 Ne5 35. exf7 Nxf7 36. Ne6+ 1-0

[Event "DSAM Bad Wildungen 2024"]
[Site "Bad Wildungen"]
[Date "2024.08.02"]
[Round "3.18"]
[White "Lu, Yunong Elias"]
[Black "Bleicher, Eiko"]
[Result "1-0"]
[Annotator "RC"]
[ECO "B44"]
[WhiteElo "1996"]
[BlackElo "1886"]
[PlyCount "56"]
[EventDate "2024.07.31"]
[EventCountry "GER"]
[SourceTitle "playchess.com"]
[Source "ChessBase"]
[SourceQuality "1"]
[TimeControl "40/5400+30:900+30"]

1. e4 c5 2. Nf3 e6 3. d4 cxd4 4. Nxd4 Nc6 5. g3 Nf6 6. Bg2 Qc7 7. O-O Nxd4 8. Qxd4 Bc5 9. Qd3 O-O 10. c4 d6 11. Qe2 Bd7 12. Rd1 Bc6 13. Nc3 h6 14. a3 a5 15. b3 Rac8 16. Bb2 Qb6 17. Rd3 Nd7 18. Nd1 Ne5 19. Bxe5 dxe5 20. Ne3 Rcd8 21. Nd1 Rxd3 22. Qxd3 Rd8 23. Qc2 Rd7 24. Kf1 Qd8 25. Ke2 Qe7 26. a4 Qg5 27. h4 Qd8 28. Nc3 Bxf2 1-0

[Event "DSAM Bad Wildungen 2024"]
[Site "Bad Wildungen"]
[Date "2024.08.02"]
[Round "3.19"]
[White "Wiethuechter, Samuel"]
[Black "Schmidt-Schaeffer, Sebastian"]
[Result "1/2-1/2"]
[Annotator "RC"]
[ECO "C42"]
[WhiteElo "1888"]
[BlackElo "2344"]
[PlyCount "56"]
[EventDate "2024.07.31"]
[EventCountry "GER"]
[SourceTitle "playchess.com"]
[Source "ChessBase"]
[SourceQuality "1"]
[TimeControl "40/5400+30:900+30"]

1. e4 e5 2. Nf3 Nf6 3. Nxe5 d6 4. Nf3 Nxe4 5. d4 d5 6. Bd3 Bd6 7. O-O O-O 8. c4 c6 9. Nc3 Nxc3 10. bxc3 dxc4 11. Bxc4 Bf5 12. Bg5 Qa5 13. Bd3 Bg4 14. Bd2 Qh5 15. h3 Bxf3 16. Qxf3 Qxf3 17. gxf3 Nd7 18. Rab1 Rab8 19. Bg5 Rfe8 20. Rfe1 b6 21. Be4 c5 22. Bc6 Rxe1+ 23. Rxe1 Nf8 24. Be7 Bxe7 25. Rxe7 cxd4 26. cxd4 Ne6 27. Rxa7 Nxd4 28. Bd5 Rf8 1/2-1/2

[Event "DSAM Bad Wildungen 2024"]
[Site "Bad Wildungen"]
[Date "2024.08.02"]
[Round "3.20"]
[White "Spickermann, Sven"]
[Black "Schmalz, Dirk"]
[Result "1/2-1/2"]
[Annotator "ChessBase"]
[ECO "A05"]
[WhiteElo "1920"]
[BlackElo "1945"]
[PlyCount "100"]
[EventDate "2024.07.31"]
[EventCountry "GER"]
[SourceTitle "playchess.com"]
[Source "ChessBase"]
[SourceQuality "1"]
[TimeControl "40/5400+30:900+30"]

1. Nf3 Nf6 2. g3 g6 3. b3 Bg7 4. Bb2 O-O 5. Bg2 d5 6. c4 c5 7. cxd5 Qxd5 8. O-O Qh5 9. d3 Bh3 10. Nbd2 Bxg2 11. Kxg2 Nc6 12. Rc1 Rfd8 13. Qc2 b6 14. a3 Qf5 15. b4 Nd4 16. Nxd4 cxd4 17. Nf3 e5 18. Qb3 Bh6 19. Rc2 Rac8 20. Bc1 Rxc2 21. Qxc2 Rc8 22. Qb2 Bg7 23. Rd1 Nd5 24. Bd2 Nc3 25. Bxc3 dxc3 26. Qc2 Qd7 27. Rc1 Qd5 28. e4 Qc6 29. Qb3 a5 30. Ng5 Rc7 31. Rc2 axb4 32. axb4 b5 33. Nf3 h6 34. Ng1 Bf8 35. Ne2 Qd6 36. Rxc3 Rxc3 37. Qxc3 f6 38. d4 Qxb4 39. Qxb4 Bxb4 40. dxe5 fxe5 41. Nc1 Kf7 42. Kf3 Ke6 43. Ke2 Bc5 44. Nd3 Bd4 45. Kd2 g5 46. h3 Kd6 47. Kc2 Kc6 48. Kb3 Kb6 49. f3 Kc6 50. g4 Kb6 1/2-1/2

[Event "DSAM Bad Wildungen 2024"]
[Site "Bad Wildungen"]
[Date "2024.08.02"]
[Round "3.21"]
[White "Langer, Paul Georg"]
[Black "Andresen, Marc"]
[Result "1/2-1/2"]
[Annotator "ChessBase"]
[ECO "B13"]
[WhiteElo "1933"]
[BlackElo "1844"]
[PlyCount "83"]
[EventDate "2024.07.31"]
[EventCountry "GER"]
[SourceTitle "playchess.com"]
[Source "ChessBase"]
[SourceQuality "1"]
[TimeControl "40/5400+30:900+30"]

1. d4 d5 2. Nc3 Nf6 3. Bf4 c5 4. e3 cxd4 5. exd4 Bg4 6. Be2 Bxe2 7. Qxe2 a6 8. Nf3 Nc6 9. O-O e6 10. Rfd1 Bd6 11. Bxd6 Qxd6 12. Ne5 O-O 13. a3 Rfc8 14. Rd3 Nd7 15. Nxd7 Qxd7 16. Na4 Qc7 17. Qg4 Ne7 18. Rc3 Qa5 19. Nc5 Nf5 20. Rd1 b6 21. Nb3 Qb5 22. Rdd3 Rc4 23. Qf4 Qd7 24. Nd2 Rxc3 25. Rxc3 Rc8 26. Rxc8+ Qxc8 27. c3 Qd8 28. Nf3 Qd6 29. Qe5 f6 30. Qe2 b5 31. g4 Ne7 32. h3 Ng6 33. Qe3 Kf7 34. Ne1 Qf4 35. Nd3 Qd6 36. Nc5 e5 37. dxe5 Nxe5 38. Nd3 Nc4 39. Qe2 Qe6 40. Qxe6+ Kxe6 41. f4 g6 42. a4 1/2-1/2